WCHLSIM.com - West Coast Hockey League
html PUBLIC "-//W3C//DTD XHTML 1.0 Transitional//EN" "http://www.w3.org/TR/xhtml1/DTD/xhtml1-transitional.dtd"> WCHL - Game 755 - BANFF WOLVES vs OAKLAND GORILLAS

BANFF WOLVES vs OAKLAND GORILLAS

Created - 28 janvier 2024 at 22:02

Goals
1 2 3 T
BANFF WOLVES 1 1 2 4
OAKLAND GORILLAS 1 1 0 2
Shots
1 2 3 T
BANFF WOLVES 15 8 8 31
OAKLAND GORILLAS 8 8 7 23

1st period

1. BANFF WOLVES , John Tavares 19 (Jordan Staal 12, Miro Heiskanen 26) at 11:55
2. OAKLAND GORILLAS , Aleksander Barkov 25 (Brock Nelson 9) at 13:07 (PP)

Penalties :
Jack McBain (OAK) for Slashing (Minor) at 2:49, Simon Benoit (BAN) for Roughing (Minor) at 2:49, Timo Meier (BAN) for Hooking (Minor) at 12:37

2nd period

3. BANFF WOLVES , Timo Meier 16 (Joel Eriksson Ek 31, Roope Hintz 20) at 6:32
4. OAKLAND GORILLAS , Brock Nelson 10 (Aleksander Barkov 22, Brock Boeser 27) at 14:46

Penalties :
Patrik Laine (OAK) for Hooking (Minor) at 0:36, Joel Eriksson Ek (BAN) for Hooking (Minor) at 9:48, Jared Spurgeon (OAK) for Interference (Minor) at 16:01, Simon Benoit (BAN) for High sticking (Minor) at 18:32

3rd period

5. BANFF WOLVES , Quinton Hughes 9 (Mats Zuccarello 29, Elias Lindholm 31) at 2:05
6. BANFF WOLVES , Adam Henrique 7 (Mats Zuccarello 30, Elias Lindholm 32) at 5:30

Penalties :
Hampus Lindholm (OAK) for Hooking (Minor) at 3:14

Goalie Stats

Joey Daccord (BAN), 21 saves from 23 shots - (0,913), W, 1-0-0, 60:00 minutes
Thomas Greiss (OAK), 5 saves from 5 shots - (1,000), 14:30 minutes
Alexandar Georgiev (OAK), 22 saves from 26 shots - (0,846), L, 18-19-4, 45:30 minutes

Players Stats for BANFF WOLVES

Player Name              G  A  P  +/- PIM S  H  SB GA TA FO     MP     PP MP  PK MP  
------------------------------------------------------------------------------------
Adam Henrique            1  0  1   2  0   2  1  0  0  0  1/1    18:15   0:00   2:22 
Cam Fowler               0  0  0   0  0   0  0  2  0  0  0/0    20:30   0:00   2:25 
Elias Lindholm           0  2  2   2  0   1  1  0  0  0  18/26  23:00   3:41   2:22 
Eric Staal               0  0  0   0  0   1  0  0  0  0  0/0     3:51   0:00   0:00 
Ian Cole                 0  0  0   2  0   0  2  1  0  0  0/0    15:12   0:00   2:03 
Jason Dickinson          0  0  0   0  0   0  0  0  0  0  1/1     5:46   0:00   2:06 
Joel Eriksson Ek         0  1  1   0  2   6  0  0  0  0  14/24  21:27   2:16   1:01 
John Tavares             1  0  1   1  0   5  2  0  0  0  1/2    18:41   2:16   1:05 
Jordan Staal             0  1  1   1  0   0  0  0  0  0  8/16   14:16   0:00   0:00 
Logan O'Connor           0  0  0   0  0   0  0  0  0  0  0/0     0:00   0:00   0:00 
Mats Zuccarello          0  2  2   2  0   7  1  0  0  0  0/2    20:29   3:41   0:00 
Miro Heiskanen           0  1  1   0  0   1  2  4  0  0  0/0    23:09   2:27   2:03 
Quinton Hughes           1  0  1   1  0   1  0  1  0  0  0/0    21:17   3:30   0:00 
Roman Josi               0  0  0   1  0   0  3  1  0  0  0/0    24:16   3:30   2:25 
Roope Hintz              0  1  1   0  0   2  0  0  0  0  1/3    16:14   2:27   0:00 
Simon Benoit             0  0  0   2  4   1  2  1  0  0  0/0    13:07   0:00   0:00 
Timo Meier               1  0  1   0  2   3  2  0  0  0  0/0    16:02   2:16   0:00 
Tyler Toffoli            0  0  0   1  0   1  0  0  0  0  0/0    17:57   3:41   0:00 

Players Stats for OAKLAND GORILLAS

Player Name              G  A  P  +/- PIM S  H  SB GA TA FO     MP     PP MP  PK MP  
------------------------------------------------------------------------------------
Aleksander Barkov        1  1  2  -2  0   7  0  0  0  0  12/17  17:31   2:24   0:00 
Andrew Cogliano          0  0  0  -1  0   0  0  0  0  0  0/1     5:12   0:00   0:00 
Andrew Poturalski        0  0  0  -1  0   0  0  0  0  0  0/1     5:12   0:00   0:00 
Brock Boeser             0  1  1  -2  0   2  0  0  0  0  0/2    17:58   2:04   0:00 
Brock Nelson             1  1  2  -2  0   1  0  0  0  0  0/3    20:42   2:24   2:24 
Colton Sissons           0  0  0   0  0   1  2  1  0  0  0/0    15:39   0:00   3:33 
David Kampf              0  0  0   0  0   1  0  1  0  0  9/15   14:30   0:00   2:24 
Hampus Lindholm          0  0  0   0  2   1  1  0  0  0  0/0    23:10   2:39   2:06 
Jack McBain              0  0  0  -1  2   0  1  0  0  0  0/6     5:11   0:00   0:00 
Jared Spurgeon           0  0  0  -2  2   1  1  0  0  0  0/0    21:03   1:49   1:40 
Jordan Kyrou             0  0  0   0  0   1  0  0  0  0  0/3    18:47   2:24   0:00 
Logan Couture            0  0  0   0  0   4  1  1  0  0  10/26  22:00   2:04   3:33 
Martin Fehervary         0  0  0  -1  0   1  2  0  0  0  0/0    15:22   0:00   1:48 
Max Domi                 0  0  0   0  0   1  1  0  0  0  0/0    12:06   0:00   0:00 
Patrik Laine             0  0  0   0  2   1  0  0  0  0  0/1    17:14   2:04   0:00 
Shayne Gostisbehere      0  0  0   0  0   0  1  0  0  0  0/0    19:41   1:49   0:23 
Trevor van Riemsdyk      0  0  0  -1  0   0  0  1  0  0  0/0    16:12   0:00   2:38 
Zachary Werenski         0  0  0  -2  0   1  0  0  0  0  0/0    24:30   2:39   3:19 

3 Stars

1 - Mats Zuccarello (BAN)
2 - Adam Henrique (BAN)
3 - Elias Lindholm (BAN)

Power Play

BANFF WOLVES - 0 on 3 Attempt(s) - 0,00%
OAKLAND GORILLAS - 1 on 3 Attempt(s) - 33,33%

Penalty Kill

BANFF WOLVES - 2 on 3 Attempt(s) - 66,67% - Score 0 goal in Penalty Kill
OAKLAND GORILLAS - 3 on 3 Attempt(s) - 100,00% - Score 0 goal in Penalty Kill

Team Stat

BANFF WOLVES - Hits : 16 - Faceoff Wins : 44 - Blocked Shots : 10 - Penalty Minutes : 8
OAKLAND GORILLAS - Hits : 10 - Faceoff Wins : 31 - Blocked Shots : 4 - Penalty Minutes : 8

Official

Referees : Andrew Wilk and Chris Rooney
Linesman : Luke Galvin and Bryan Pancich

Game Notes

Thomas Greiss enters game at 5:30 of 3rd period

Finance

Level 1 -- Attendance: 4941 (82,35%) -- Ticket Income 889 380 $
Level 2 -- Attendance: 5000 (100,00%) -- Ticket Income 500 000 $
Level 3 -- Attendance: 1804 (90,20%) -- Ticket Income 171 380 $
Level 4 -- Attendance: 3048 (76,20%) -- Ticket Income 228 600 $
Luxury Box -- Attendance: 994 (99,40%) -- Ticket Income 238 560 $
Total Attendance: 15787 (87,71%)
Total Ticket Income: 2 027 920 $
Other Expense: 20 279 $
Total Income: 2 007 641 $

BANFF WOLVES

5 vs 5 Forward 
   Center                   Left Wing                Right Wing               Time % Phy DF OF 
 1 Elias Lindholm           Adam Henrique            Mats Zuccarello          34     0   1  4  
 2 Joel Eriksson Ek         Roope Hintz              Timo Meier               32     0   1  4  
 3 Jordan Staal             John Tavares             Tyler Toffoli            29     0   1  4  
 4 Joel Eriksson Ek         Jason Dickinson          Eric Staal               5      0   4  1  

5 vs 5 Defense 
   Defense                  Defense                                           Time % Phy DF OF 
 1 Quinton Hughes           Roman Josi                                        41     0   1  4  
 2 Miro Heiskanen           Cam Fowler                                        41     0   1  4  
 3 Ian Cole                 Simon Benoit                                      9      1   3  1  
 4 Roman Josi               Miro Heiskanen                                    9      0   0  5  

PowerPlay Forward 
   Center                   Left Wing                Right Wing               Time % Phy DF OF 
 1 Elias Lindholm           Tyler Toffoli            Mats Zuccarello          60     0   0  5  
 2 Joel Eriksson Ek         John Tavares             Timo Meier               40     0   0  5  

PowerPlay Defense
   Defense                  Defense                                           Time % Phy DF OF 
 1 Quinton Hughes           Roman Josi                                        60     0   0  5  
 2 Miro Heiskanen           Roope Hintz                                       40     0   0  5  

Penalty Kill 4 Players Forward 
   Center                   Wing                     Time % Phy DF OF 
 1 Joel Eriksson Ek         Jason Dickinson          50     0   5  0  
 2 Elias Lindholm           Adam Henrique            50     0   5  0  

Penalty Kill 4 Players Defense
   Defense                  Defense                  Time % Phy DF OF 
 1 Miro Heiskanen           Ian Cole                 50     0   5  0  
 2 Roman Josi               Cam Fowler               50     0   5  0  

Penalty Kill - 3 Players Forward 
   Forward                                           Time % Phy DF OF 
 1 Elias Lindholm                                    50     0   5  0  
 2 Jason Dickinson                                   50     0   5  0  

Penalty Kill - 3 Players Defense
   Defense                  Defense                  Time % Phy DF OF 
 1 Cam Fowler               Roman Josi               50     0   5  0  
 2 Quinton Hughes           Miro Heiskanen           50     0   5  0  

4 vs 4 Forward 
   Center                   Wing                     Time % Phy DF OF 
 1 Elias Lindholm           John Tavares             55     0   1  4  
 2 Joel Eriksson Ek         Mats Zuccarello          45     0   1  4  

4 vs 4 Defense
   Defense                  Defense                  Time % Phy DF OF 
 1 Miro Heiskanen           Cam Fowler               55     0   1  4  
 2 Quinton Hughes           Roman Josi               45     0   1  4  

Last Minutes Offensive
   Center                   Left Wing                Right Wing               Defense                  Defense                  
   Elias Lindholm           Roope Hintz              Mats Zuccarello          Quinton Hughes           Roman Josi               

Last Minutes Defensive
   Center                   Left Wing                Right Wing               Defense                  Defense                  
   Elias Lindholm           Adam Henrique            Mats Zuccarello          Roman Josi               Miro Heiskanen           

Goaltenders
Starting : Joey Daccord             
Backup : Jordan Binnington        

Extra Forwards
Normal : John Tavares, Mats Zuccarello, Elias Lindholm - PP : Mats Zuccarello, John Tavares - PK : John Tavares
Extra Defensemen
Normal : Quinton Hughes, Miro Heiskanen, Roman Josi - PP : Quinton Hughes - PK : Roman Josi, Miro Heiskanen
Penalty Shots
John Tavares, Mats Zuccarello, Elias Lindholm, Roope Hintz, Joel Eriksson Ek
Custom OT Lines Forwards
John Tavares, Mats Zuccarello, Elias Lindholm, Roope Hintz, Joel Eriksson Ek, Adam Henrique, Tyler Toffoli, Jason Dickinson, Timo Meier, Jordan Staal
Custom OT Lines Defensemen
Quinton Hughes, Cam Fowler, Miro Heiskanen, Roman Josi, Simon Benoit

Scratches
Adam Erne (Healthy), Nick Leddy (Broken Bone (Right Leg) Injury), Jeremy Swayman (Healthy)

OAKLAND GORILLAS

5 vs 5 Forward 
   Center                   Left Wing                Right Wing               Time % Phy DF OF 
 1 Logan Couture            Patrik Laine             Jordan Kyrou             34     0   2  3  
 2 Aleksander Barkov        Brock Nelson             Brock Boeser             34     0   2  3  
 3 David Kampf              Max Domi                 Colton Sissons           25     0   3  2  
 4 Jack McBain              Andrew Cogliano          Andrew Poturalski        7      1   4  0  

5 vs 5 Defense 
   Defense                  Defense                                           Time % Phy DF OF 
 1 Zachary Werenski         Jared Spurgeon                                    36     0   2  3  
 2 Shayne Gostisbehere      Hampus Lindholm                                   36     0   2  3  
 3 Trevor van Riemsdyk      Martin Fehervary                                  28     1   3  1  
 4 Zachary Werenski         Hampus Lindholm                                   0      0   2  3  

PowerPlay Forward 
   Center                   Left Wing                Right Wing               Time % Phy DF OF 
 1 Aleksander Barkov        Brock Nelson             Jordan Kyrou             55     0   0  5  
 2 Logan Couture            Patrik Laine             Brock Boeser             45     0   0  5  

PowerPlay Defense
   Defense                  Defense                                           Time % Phy DF OF 
 1 Zachary Werenski         Hampus Lindholm                                   60     0   2  3  
 2 Shayne Gostisbehere      Jared Spurgeon                                    40     0   2  3  

Penalty Kill 4 Players Forward 
   Center                   Wing                     Time % Phy DF OF 
 1 Logan Couture            Colton Sissons           55     1   4  0  
 2 David Kampf              Brock Nelson             45     1   4  0  

Penalty Kill 4 Players Defense
   Defense                  Defense                  Time % Phy DF OF 
 1 Zachary Werenski         Hampus Lindholm          55     1   4  0  
 2 Jared Spurgeon           Trevor van Riemsdyk      45     1   4  0  

Penalty Kill - 3 Players Forward 
   Forward                                           Time % Phy DF OF 
 1 Aleksander Barkov                                 55     1   4  0  
 2 Logan Couture                                     45     1   4  0  

Penalty Kill - 3 Players Defense
   Defense                  Defense                  Time % Phy DF OF 
 1 Hampus Lindholm          Zachary Werenski         55     1   4  0  
 2 Jared Spurgeon           Trevor van Riemsdyk      45     1   4  0  

4 vs 4 Forward 
   Center                   Wing                     Time % Phy DF OF 
 1 Logan Couture            Jordan Kyrou             55     1   2  2  
 2 Brock Nelson             Brock Boeser             45     1   2  2  

4 vs 4 Defense
   Defense                  Defense                  Time % Phy DF OF 
 1 Hampus Lindholm          Zachary Werenski         55     1   2  2  
 2 Jared Spurgeon           Shayne Gostisbehere      45     1   2  2  

Last Minutes Offensive
   Center                   Left Wing                Right Wing               Defense                  Defense                  
   Aleksander Barkov        Logan Couture            Jordan Kyrou             Hampus Lindholm          Shayne Gostisbehere      

Last Minutes Defensive
   Center                   Left Wing                Right Wing               Defense                  Defense                  
   Aleksander Barkov        David Kampf              Colton Sissons           Hampus Lindholm          Jared Spurgeon           

Goaltenders
Starting : Alexandar Georgiev       
Backup : Thomas Greiss            

Extra Forwards
Normal : Aleksander Barkov, Logan Couture, Brock Boeser - PP : Max Domi, Colton Sissons - PK : David Kampf
Extra Defensemen
Normal : Zachary Werenski, Hampus Lindholm, Jared Spurgeon - PP : Trevor van Riemsdyk - PK : Martin Fehervary, Shayne Gostisbehere
Penalty Shots
Aleksander Barkov, Logan Couture, Jordan Kyrou, Brock Boeser, Max Domi
Custom OT Lines Forwards
Aleksander Barkov, Logan Couture, Brock Nelson, Jordan Kyrou, Brock Boeser, Patrik Laine, Colton Sissons, Max Domi, David Kampf, Jack McBain
Custom OT Lines Defensemen
Zachary Werenski, Hampus Lindholm, Jared Spurgeon, Shayne Gostisbehere, Trevor van Riemsdyk

Scratches
Cameron York (Healthy)

% Time on Ice - BANFF WOLVES

Lines # - Real PCT - Wanted PCT - Time Play
Normal Forward
1 - 33% - 34% - 15:53
2 - 29% - 32% - 13:47
3 - 30% - 29% - 14:16
4 - 8% - 5% - 3:40
Normal Defense
1 - 35% - 41% - 16:35
2 - 36% - 41% - 17:18
3 - 28% - 9% - 13:09
4 - 1% - 9% - 0:34
PP Forward
1 - 62% - 60% - 3:41
2 - 38% - 40% - 2:16
PP Defense
1 - 59% - 60% - 3:30
2 - 41% - 40% - 2:27
PK Forward
1 - 47% - 50% - 2:06
2 - 53% - 50% - 2:22
PK Defense
1 - 46% - 50% - 2:03
2 - 54% - 50% - 2:25
PK3 Forward
1 - 0% - 50%
2 - 0% - 50%
PK3 Defense
1 - 0% - 50%
2 - 0% - 50%
44 Forward
1 - 54% - 55% - 1:04
2 - 46% - 45% - 0:55
44 Defense
1 - 39% - 55% - 0:47
2 - 61% - 45% - 1:12
Last Minute Offensive  - 0:00
Last Minute Defensive  - 0:00
Total
Forward - 60:00
Defense - 60:00

% Time on Ice - OAKLAND GORILLAS

Lines # - Real PCT - Wanted PCT - Time Play
Normal Forward
1 - 32% - 34% - 15:11
2 - 32% - 34% - 15:07
3 - 25% - 25% - 12:06
4 - 11% - 7% - 5:12
Normal Defense
1 - 35% - 36% - 16:40
2 - 35% - 36% - 16:34
3 - 29% - 28% - 13:34
4 - 2% - 0% - 0:48
PP Forward
1 - 54% - 55% - 2:24
2 - 46% - 45% - 2:04
PP Defense
1 - 59% - 60% - 2:39
2 - 41% - 40% - 1:49
PK Forward
1 - 60% - 55% - 3:33
2 - 40% - 45% - 2:24
PK Defense
1 - 56% - 55% - 3:19
2 - 44% - 45% - 2:38
PK3 Forward
1 - 0% - 55%
2 - 0% - 45%
PK3 Defense
1 - 0% - 55%
2 - 0% - 45%
44 Forward
1 - 61% - 55% - 1:12
2 - 39% - 45% - 0:47
44 Defense
1 - 54% - 55% - 1:04
2 - 46% - 45% - 0:55
Last Minute Offensive  - 0:00
Last Minute Defensive  - 0:00
Total
Forward - 60:00
Defense - 60:00

Play-by-Play

1st period


0:01 of 1st period - Logan Couture wins face-off versus Elias Lindholm in neutral zone.
0:06 of 1st period - Shot by Jordan Kyrou.
0:06 of 1st period - Shot Blocked by Quinton Hughes.
0:44 of 1st period - Shot by Elias Lindholm.
0:44 of 1st period - Shot Blocked by Logan Couture.
0:48 of 1st period - Shot by Elias Lindholm.
0:48 of 1st period - Shot Misses the Net.
1:04 of 1st period - Shot by Timo Meier.
1:04 of 1st period - Deflect By Joel Eriksson Ek.
1:04 of 1st period - Stopped by Alexandar Georgiev without a rebound.
1:05 of 1st period - Aleksander Barkov wins face-off versus John Tavares in OAKLAND GORILLAS zone.
2:22 of 1st period - Shot by Max Domi.
2:22 of 1st period - Stopped by Joey Daccord without a rebound.
2:23 of 1st period - Joel Eriksson Ek wins face-off versus Jack McBain in BANFF WOLVES zone.
2:41 of 1st period - Ian Cole is hit by Jared Spurgeon and loses puck.
2:49 of 1st period - Minor Penalty to Jack McBain for Slashing.
2:49 of 1st period - Minor Penalty to Simon Benoit for Roughing.
2:50 of 1st period - Elias Lindholm wins face-off versus Logan Couture in BANFF WOLVES zone.
3:16 of 1st period - Shot by John Tavares.
3:16 of 1st period - Stopped by Alexandar Georgiev without a rebound.
3:17 of 1st period - Joel Eriksson Ek wins face-off versus Brock Nelson in OAKLAND GORILLAS zone.
3:26 of 1st period - Shot by Joel Eriksson Ek.
3:26 of 1st period - Stopped by Alexandar Georgiev without a rebound.
3:27 of 1st period - Joel Eriksson Ek wins face-off versus Logan Couture in OAKLAND GORILLAS zone.
3:37 of 1st period - Shot by Joel Eriksson Ek.
3:37 of 1st period - Shot Misses the Net.
4:11 of 1st period - Shot by Jordan Kyrou.
4:11 of 1st period - Deflect By Logan Couture.
4:11 of 1st period - Stopped by Joey Daccord without a rebound.
4:12 of 1st period - Elias Lindholm wins face-off versus Brock Nelson in BANFF WOLVES zone.
4:26 of 1st period - Shot by Brock Boeser.
4:26 of 1st period - Stopped by Joey Daccord with a rebound.
4:55 of 1st period - Shot by Joel Eriksson Ek.
4:55 of 1st period - Shot Misses the Net.
5:47 of 1st period - Icing by Hampus Lindholm.
5:48 of 1st period - Logan Couture wins face-off versus Elias Lindholm in OAKLAND GORILLAS zone.
6:06 of 1st period - Shot by Patrik Laine.
6:06 of 1st period - Shot Misses the Net.
6:08 of 1st period - Shot by Logan Couture.
6:08 of 1st period - Stopped by Joey Daccord without a rebound.
6:09 of 1st period - Jordan Staal wins face-off versus Brock Boeser in BANFF WOLVES zone.
6:49 of 1st period - Shot by John Tavares.
6:49 of 1st period - Shot Misses the Net.
6:51 of 1st period - Shot by Miro Heiskanen.
6:51 of 1st period - Shot Misses the Net.
7:32 of 1st period - Shot by Adam Henrique.
7:32 of 1st period - Shot Misses the Net.
7:46 of 1st period - Mats Zuccarello is hit by Hampus Lindholm and loses puck.
8:05 of 1st period - Shot by Roope Hintz.
8:05 of 1st period - Stopped by Alexandar Georgiev without a rebound.
8:06 of 1st period - David Kampf wins face-off versus Joel Eriksson Ek in OAKLAND GORILLAS zone.
8:06 of 1st period - David Kampf is hit by Timo Meier.
8:19 of 1st period - Icing by Trevor van Riemsdyk.
8:20 of 1st period - David Kampf wins face-off versus Jordan Staal in OAKLAND GORILLAS zone.
8:26 of 1st period - Colton Sissons is hit by Miro Heiskanen and loses puck.
9:01 of 1st period - David Kampf is hit by Miro Heiskanen and loses puck.
9:35 of 1st period - Shot by Brock Boeser.
9:35 of 1st period - Deflect By Aleksander Barkov.
9:35 of 1st period - Stopped by Joey Daccord without a rebound.
9:36 of 1st period - Elias Lindholm wins face-off versus Logan Couture in BANFF WOLVES zone.
11:15 of 1st period - Icing by Brock Boeser.
11:16 of 1st period - Aleksander Barkov wins face-off versus Jordan Staal in OAKLAND GORILLAS zone.
11:43 of 1st period - Shot by Tyler Toffoli.
11:43 of 1st period - Deflect By John Tavares.
11:43 of 1st period - Stopped by Alexandar Georgiev with a rebound.
11:45 of 1st period - Shot by Miro Heiskanen.
11:45 of 1st period - Stopped by Alexandar Georgiev with a rebound.
11:55 of 1st period - Shot by John Tavares.
11:55 of 1st period - Goal by John Tavares - BANFF WOLVES : 1 - OAKLAND GORILLAS : 0.
11:56 of 1st period - David Kampf wins face-off versus Mats Zuccarello in neutral zone.
12:19 of 1st period - Shot by Mats Zuccarello.
12:19 of 1st period - Stopped by Alexandar Georgiev without a rebound.
12:20 of 1st period - Joel Eriksson Ek wins face-off versus Logan Couture in OAKLAND GORILLAS zone.
12:20 of 1st period - Roope Hintz is hit by Shayne Gostisbehere and loses puck.
12:37 of 1st period - Minor Penalty to Timo Meier for Hooking.
12:38 of 1st period - Aleksander Barkov wins face-off versus Elias Lindholm in BANFF WOLVES zone.
12:59 of 1st period - Icing by Brock Nelson.
13:00 of 1st period - Aleksander Barkov wins face-off versus Joel Eriksson Ek in OAKLAND GORILLAS zone.
13:07 of 1st period - Shot by Aleksander Barkov.
13:07 of 1st period - Goal by Aleksander Barkov - BANFF WOLVES : 1 - OAKLAND GORILLAS : 1.
13:08 of 1st period - David Kampf wins face-off versus Elias Lindholm in neutral zone.
13:44 of 1st period - Shot by Mats Zuccarello.
13:44 of 1st period - Stopped by Alexandar Georgiev without a rebound.
13:45 of 1st period - Aleksander Barkov wins face-off versus Joel Eriksson Ek in OAKLAND GORILLAS zone.
14:09 of 1st period - Shot by Roope Hintz.
14:09 of 1st period - Stopped by Alexandar Georgiev with a rebound.
14:29 of 1st period - Shot by Timo Meier.
14:29 of 1st period - Stopped by Alexandar Georgiev without a rebound.
14:30 of 1st period - Elias Lindholm wins face-off versus Logan Couture in OAKLAND GORILLAS zone.
15:11 of 1st period - Shot by Logan Couture.
15:11 of 1st period - Stopped by Joey Daccord without a rebound.
15:12 of 1st period - Jordan Staal wins face-off versus Jack McBain in BANFF WOLVES zone.
15:12 of 1st period - Jordan Staal is hit by Jack McBain.
15:41 of 1st period - Icing by Miro Heiskanen.
15:42 of 1st period - Aleksander Barkov wins face-off versus Jordan Staal in BANFF WOLVES zone.
15:57 of 1st period - Hampus Lindholm is hit by John Tavares and loses puck.
16:08 of 1st period - Shot by John Tavares.
16:08 of 1st period - Stopped by Alexandar Georgiev without a rebound.
16:09 of 1st period - Logan Couture wins face-off versus Roope Hintz in OAKLAND GORILLAS zone.
16:40 of 1st period - Icing by Quinton Hughes.
16:41 of 1st period - Roope Hintz wins face-off versus David Kampf in BANFF WOLVES zone.
16:54 of 1st period - Shot by Joel Eriksson Ek.
16:54 of 1st period - Stopped by Alexandar Georgiev without a rebound.
16:55 of 1st period - Aleksander Barkov wins face-off versus Elias Lindholm in OAKLAND GORILLAS zone.
17:16 of 1st period - Trevor van Riemsdyk is hit by Elias Lindholm and loses puck.
18:00 of 1st period - Shot by Roman Josi.
18:00 of 1st period - Shot Misses the Net.
18:02 of 1st period - Shot by Joel Eriksson Ek.
18:02 of 1st period - Deflect By Eric Staal.
18:02 of 1st period - Stopped by Alexandar Georgiev without a rebound.
18:03 of 1st period - David Kampf wins face-off versus Jordan Staal in OAKLAND GORILLAS zone.
18:03 of 1st period - David Kampf is hit by John Tavares.
18:26 of 1st period - Hampus Lindholm is hit by Roman Josi and loses puck.
19:19 of 1st period - Icing by Joel Eriksson Ek.
19:20 of 1st period - Joel Eriksson Ek wins face-off versus Andrew Cogliano in BANFF WOLVES zone.
19:31 of 1st period - Shot by Joel Eriksson Ek.
19:31 of 1st period - Stopped by Alexandar Georgiev without a rebound.
19:32 of 1st period - Adam Henrique wins face-off versus Logan Couture in OAKLAND GORILLAS zone.
19:51 of 1st period - Shot by Logan Couture.
19:51 of 1st period - Deflect By Jordan Kyrou.
19:51 of 1st period - Stopped by Joey Daccord with a rebound.
Goals for this period are 1 for BANFF WOLVES vs 1 for OAKLAND GORILLAS.
Shots for this period are 15 for BANFF WOLVES vs 8 for OAKLAND GORILLAS.

2nd period


0:01 of 2nd period - Joel Eriksson Ek wins face-off versus Jordan Kyrou in neutral zone.
0:03 of 2nd period - Off-side.
0:04 of 2nd period - Joel Eriksson Ek wins face-off versus Brock Nelson in neutral zone.
0:33 of 2nd period - Shot by Aleksander Barkov.
0:33 of 2nd period - Stopped by Joey Daccord without a rebound.
0:34 of 2nd period - Elias Lindholm wins face-off versus Logan Couture in BANFF WOLVES zone.
0:36 of 2nd period - Minor Penalty to Patrik Laine for Hooking.
0:37 of 2nd period - Elias Lindholm wins face-off versus Logan Couture in OAKLAND GORILLAS zone.
2:23 of 2nd period - Shot by John Tavares.
2:23 of 2nd period - Stopped by Alexandar Georgiev without a rebound.
2:24 of 2nd period - Logan Couture wins face-off versus Joel Eriksson Ek in OAKLAND GORILLAS zone.
3:00 of 2nd period - Shot by Joel Eriksson Ek.
3:00 of 2nd period - Stopped by Alexandar Georgiev without a rebound.
3:01 of 2nd period - Aleksander Barkov wins face-off versus Roope Hintz in OAKLAND GORILLAS zone.
3:19 of 2nd period - Icing by Cam Fowler.
3:20 of 2nd period - Logan Couture wins face-off versus Joel Eriksson Ek in BANFF WOLVES zone.
3:41 of 2nd period - Shot by Joel Eriksson Ek.
3:41 of 2nd period - Stopped by Alexandar Georgiev without a rebound.
3:42 of 2nd period - Elias Lindholm wins face-off versus David Kampf in OAKLAND GORILLAS zone.
3:49 of 2nd period - Colton Sissons is hit by Adam Henrique and loses puck.
4:45 of 2nd period - Icing by Hampus Lindholm.
4:46 of 2nd period - David Kampf wins face-off versus Jordan Staal in OAKLAND GORILLAS zone.
5:23 of 2nd period - Shot by Patrik Laine.
5:23 of 2nd period - Stopped by Joey Daccord with a rebound.
5:25 of 2nd period - Shot by Jordan Kyrou.
5:25 of 2nd period - Shot Misses the Net.
5:27 of 2nd period - Shot by Logan Couture.
5:27 of 2nd period - Shot Blocked by Cam Fowler.
6:32 of 2nd period - Shot by Timo Meier.
6:32 of 2nd period - Goal by Timo Meier - BANFF WOLVES : 2 - OAKLAND GORILLAS : 1.
6:33 of 2nd period - Elias Lindholm wins face-off versus Jack McBain in neutral zone.
6:38 of 2nd period - Shot by Mats Zuccarello.
6:38 of 2nd period - Shot Misses the Net.
7:51 of 2nd period - Shot by Colton Sissons.
7:51 of 2nd period - Shot Misses the Net.
8:15 of 2nd period - Shot by Timo Meier.
8:15 of 2nd period - Stopped by Alexandar Georgiev without a rebound.
8:16 of 2nd period - Aleksander Barkov wins face-off versus Jordan Staal in OAKLAND GORILLAS zone.
8:27 of 2nd period - Shot by Aleksander Barkov.
8:27 of 2nd period - Shot Misses the Net.
8:45 of 2nd period - Shot by Aleksander Barkov.
8:45 of 2nd period - Shot Blocked by Miro Heiskanen.
9:26 of 2nd period - Off-side.
9:27 of 2nd period - Joel Eriksson Ek wins face-off versus Andrew Poturalski in neutral zone.
9:36 of 2nd period - Shot by Roope Hintz.
9:36 of 2nd period - Shot Misses the Net.
9:38 of 2nd period - Shot by Simon Benoit.
9:38 of 2nd period - Stopped by Alexandar Georgiev without a rebound.
9:39 of 2nd period - Logan Couture wins face-off versus Joel Eriksson Ek in OAKLAND GORILLAS zone.
9:41 of 2nd period - Icing by Jordan Kyrou.
9:42 of 2nd period - Logan Couture wins face-off versus Joel Eriksson Ek in OAKLAND GORILLAS zone.
9:42 of 2nd period - Jordan Kyrou is hit by Timo Meier and loses puck.
9:48 of 2nd period - Minor Penalty to Joel Eriksson Ek for Hooking.
9:49 of 2nd period - John Tavares wins face-off versus Aleksander Barkov in BANFF WOLVES zone.
10:34 of 2nd period - Shot by Aleksander Barkov.
10:34 of 2nd period - Shot Blocked by Miro Heiskanen.
10:36 of 2nd period - Shot by Aleksander Barkov.
10:36 of 2nd period - Stopped by Joey Daccord with a rebound.
11:10 of 2nd period - Shot by Jared Spurgeon.
11:10 of 2nd period - Stopped by Joey Daccord without a rebound.
11:11 of 2nd period - Jason Dickinson wins face-off versus Logan Couture in BANFF WOLVES zone.
11:20 of 2nd period - Shot by Brock Boeser.
11:20 of 2nd period - Shot Misses the Net.
12:01 of 2nd period - Shot by Colton Sissons.
12:01 of 2nd period - Stopped by Joey Daccord without a rebound.
12:02 of 2nd period - Elias Lindholm wins face-off versus Jack McBain in BANFF WOLVES zone.
13:24 of 2nd period - Shot by Max Domi.
13:24 of 2nd period - Shot Misses the Net.
13:28 of 2nd period - Shot by Max Domi.
13:28 of 2nd period - Deflect By David Kampf.
13:28 of 2nd period - Shot Misses the Net.
14:16 of 2nd period - Shot by Logan Couture.
14:16 of 2nd period - Shot Misses the Net.
14:20 of 2nd period - Shot by Jordan Kyrou.
14:20 of 2nd period - Shot Blocked by Cam Fowler.
14:44 of 2nd period - Shot by Aleksander Barkov.
14:44 of 2nd period - Stopped by Joey Daccord with a rebound.
14:46 of 2nd period - Shot by Brock Nelson.
14:46 of 2nd period - Goal by Brock Nelson - BANFF WOLVES : 2 - OAKLAND GORILLAS : 2.
14:47 of 2nd period - Jordan Staal wins face-off versus Jack McBain in neutral zone.
14:54 of 2nd period - Shot by Tyler Toffoli.
14:54 of 2nd period - Stopped by Alexandar Georgiev without a rebound.
14:55 of 2nd period - Jordan Staal wins face-off versus Aleksander Barkov in OAKLAND GORILLAS zone.
15:25 of 2nd period - Shot by Brock Nelson.
15:25 of 2nd period - Deflect By Aleksander Barkov.
15:25 of 2nd period - Shot Misses the Net.
15:30 of 2nd period - Off-side.
15:31 of 2nd period - Elias Lindholm wins face-off versus Logan Couture in neutral zone.
15:43 of 2nd period - Shot by Patrik Laine.
15:43 of 2nd period - Shot Misses the Net.
15:49 of 2nd period - Shot by Patrik Laine.
15:49 of 2nd period - Deflect By Logan Couture.
15:49 of 2nd period - Stopped by Joey Daccord without a rebound.
15:50 of 2nd period - Joel Eriksson Ek wins face-off versus David Kampf in BANFF WOLVES zone.
15:50 of 2nd period - Joel Eriksson Ek is hit by Colton Sissons.
16:01 of 2nd period - Minor Penalty to Jared Spurgeon for Interference.
16:02 of 2nd period - Elias Lindholm wins face-off versus Logan Couture in OAKLAND GORILLAS zone.
16:19 of 2nd period - Shot by Roope Hintz.
16:19 of 2nd period - Deflect By Mats Zuccarello.
16:19 of 2nd period - Stopped by Alexandar Georgiev without a rebound.
16:20 of 2nd period - Joel Eriksson Ek wins face-off versus Logan Couture in OAKLAND GORILLAS zone.
16:23 of 2nd period - Shot by Joel Eriksson Ek.
16:23 of 2nd period - Deflect By John Tavares.
16:23 of 2nd period - Shot Misses the Net.
16:45 of 2nd period - Shot by Roman Josi.
16:45 of 2nd period - Shot Blocked by Colton Sissons.
16:47 of 2nd period - Shot by Roman Josi.
16:47 of 2nd period - Shot Blocked by Trevor van Riemsdyk.
16:49 of 2nd period - Shot by Quinton Hughes.
16:49 of 2nd period - Deflect By Timo Meier.
16:49 of 2nd period - Shot Hit the Post.
17:34 of 2nd period - Zachary Werenski is hit by Mats Zuccarello and loses puck.
18:32 of 2nd period - Minor Penalty to Simon Benoit for High sticking.
18:33 of 2nd period - Elias Lindholm wins face-off versus Jordan Kyrou in BANFF WOLVES zone.
19:24 of 2nd period - Icing by Logan Couture.
19:25 of 2nd period - Elias Lindholm wins face-off versus Patrik Laine in OAKLAND GORILLAS zone.
19:33 of 2nd period - Icing by Zachary Werenski.
19:34 of 2nd period - Logan Couture wins face-off versus Elias Lindholm in OAKLAND GORILLAS zone.
Goals for this period are 1 for BANFF WOLVES vs 1 for OAKLAND GORILLAS.
Shots for this period are 8 for BANFF WOLVES vs 8 for OAKLAND GORILLAS.

3rd period


0:01 of 3rd period - Aleksander Barkov wins face-off versus Joel Eriksson Ek in neutral zone.
0:13 of 3rd period - Shot by Zachary Werenski.
0:13 of 3rd period - Stopped by Joey Daccord without a rebound.
0:14 of 3rd period - Joel Eriksson Ek wins face-off versus Logan Couture in BANFF WOLVES zone.
0:25 of 3rd period - Cam Fowler is hit by Logan Couture and loses puck.
0:37 of 3rd period - Max Domi is hit by Ian Cole and loses puck.
0:46 of 3rd period - Shot by David Kampf.
0:46 of 3rd period - Deflect By Max Domi.
0:46 of 3rd period - Shot Misses the Net.
0:48 of 3rd period - Shot by Colton Sissons.
0:48 of 3rd period - Shot Blocked by Ian Cole.
0:53 of 3rd period - Icing by Ian Cole.
0:54 of 3rd period - Jordan Staal wins face-off versus Logan Couture in BANFF WOLVES zone.
1:19 of 3rd period - Shot by Hampus Lindholm.
1:19 of 3rd period - Stopped by Joey Daccord without a rebound.
1:20 of 3rd period - Elias Lindholm wins face-off versus Brock Boeser in BANFF WOLVES zone.
1:39 of 3rd period - Shot by Brock Boeser.
1:39 of 3rd period - Shot Misses the Net.
1:59 of 3rd period - Shot by Elias Lindholm.
1:59 of 3rd period - Shot Misses the Net.
2:01 of 3rd period - Shot by Elias Lindholm.
2:01 of 3rd period - Shot Misses the Net.
2:03 of 3rd period - Shot by Quinton Hughes.
2:03 of 3rd period - Deflect By Mats Zuccarello.
2:03 of 3rd period - Stopped by Alexandar Georgiev with a rebound.
2:05 of 3rd period - Shot by Quinton Hughes.
2:05 of 3rd period - Goal by Quinton Hughes - BANFF WOLVES : 3 - OAKLAND GORILLAS : 2.
2:06 of 3rd period - Joel Eriksson Ek wins face-off versus Logan Couture in neutral zone.
2:34 of 3rd period - Off-side.
2:35 of 3rd period - Jordan Staal wins face-off versus David Kampf in neutral zone.
2:49 of 3rd period - Tyler Toffoli is hit by Martin Fehervary and loses puck.
2:56 of 3rd period - Tyler Toffoli is hit by Max Domi and loses puck.
3:03 of 3rd period - Shot by Max Domi.
3:03 of 3rd period - Deflect By Colton Sissons.
3:03 of 3rd period - Shot Misses the Net.
3:05 of 3rd period - Shot by Martin Fehervary.
3:05 of 3rd period - Stopped by Joey Daccord without a rebound.
3:06 of 3rd period - Elias Lindholm wins face-off versus Aleksander Barkov in BANFF WOLVES zone.
3:14 of 3rd period - Minor Penalty to Hampus Lindholm for Hooking.
3:15 of 3rd period - Elias Lindholm wins face-off versus Logan Couture in OAKLAND GORILLAS zone.
4:53 of 3rd period - Shot by Miro Heiskanen.
4:53 of 3rd period - Shot Misses the Net.
5:24 of 3rd period - Icing by Hampus Lindholm.
5:25 of 3rd period - Elias Lindholm wins face-off versus Jack McBain in OAKLAND GORILLAS zone.
5:30 of 3rd period - Shot by Adam Henrique.
5:30 of 3rd period - Goal by Adam Henrique - BANFF WOLVES : 4 - OAKLAND GORILLAS : 2.
5:30 of 3rd period - Thomas Greiss enters game.
5:31 of 3rd period - Aleksander Barkov wins face-off versus Joel Eriksson Ek in neutral zone.
7:02 of 3rd period - Logan Couture is hit by Ian Cole and loses puck.
7:08 of 3rd period - Patrik Laine is hit by Simon Benoit and loses puck.
7:21 of 3rd period - Shot by Max Domi.
7:21 of 3rd period - Shot Blocked by Simon Benoit.
7:23 of 3rd period - Shot by David Kampf.
7:23 of 3rd period - Shot Misses the Net.
7:25 of 3rd period - Shot by David Kampf.
7:25 of 3rd period - Stopped by Joey Daccord without a rebound.
7:26 of 3rd period - David Kampf wins face-off versus Elias Lindholm in BANFF WOLVES zone.
7:41 of 3rd period - Shot by Mats Zuccarello.
7:41 of 3rd period - Shot Misses the Net.
7:51 of 3rd period - Shot by Elias Lindholm.
7:51 of 3rd period - Deflect By Mats Zuccarello.
7:51 of 3rd period - Stopped by Thomas Greiss with a rebound.
7:53 of 3rd period - Shot by Adam Henrique.
7:53 of 3rd period - Stopped by Thomas Greiss with a rebound.
7:55 of 3rd period - Shot by Mats Zuccarello.
7:55 of 3rd period - Stopped by Thomas Greiss without a rebound.
7:56 of 3rd period - Jordan Staal wins face-off versus Aleksander Barkov in OAKLAND GORILLAS zone.
9:37 of 3rd period - Shot by Elias Lindholm.
9:37 of 3rd period - Shot Misses the Net.
10:02 of 3rd period - Off-side.
10:03 of 3rd period - David Kampf wins face-off versus Joel Eriksson Ek in neutral zone.
10:06 of 3rd period - Joel Eriksson Ek is hit by Colton Sissons and loses puck.
10:35 of 3rd period - Shot by Timo Meier.
10:35 of 3rd period - Shot Blocked by David Kampf.
11:01 of 3rd period - David Kampf is hit by Simon Benoit and loses puck.
12:53 of 3rd period - Shot by Elias Lindholm.
12:53 of 3rd period - Stopped by Thomas Greiss without a rebound.
12:54 of 3rd period - Logan Couture wins face-off versus Jordan Staal in OAKLAND GORILLAS zone.
13:26 of 3rd period - Shot by Jordan Kyrou.
13:26 of 3rd period - Shot Misses the Net.
13:35 of 3rd period - Tyler Toffoli is hit by Martin Fehervary and loses puck.
13:56 of 3rd period - Shot by Brock Nelson.
13:56 of 3rd period - Shot Blocked by Miro Heiskanen.
14:19 of 3rd period - Shot by Brock Boeser.
14:19 of 3rd period - Stopped by Joey Daccord without a rebound.
14:20 of 3rd period - Elias Lindholm wins face-off versus David Kampf in BANFF WOLVES zone.
14:46 of 3rd period - Jared Spurgeon is hit by Roman Josi and loses puck.
14:52 of 3rd period - Icing by Roman Josi.
14:53 of 3rd period - Logan Couture wins face-off versus Mats Zuccarello in BANFF WOLVES zone.
14:58 of 3rd period - Shot by Patrik Laine.
14:58 of 3rd period - Shot Blocked by Roman Josi.
16:12 of 3rd period - Brock Nelson is hit by Roman Josi and loses puck.
16:31 of 3rd period - Shot by Aleksander Barkov.
16:31 of 3rd period - Stopped by Joey Daccord without a rebound.
16:32 of 3rd period - David Kampf wins face-off versus Jordan Staal in BANFF WOLVES zone.
16:55 of 3rd period - Shot by Colton Sissons.
16:55 of 3rd period - Shot Misses the Net.
17:31 of 3rd period - Shot by Logan Couture.
17:31 of 3rd period - Shot Blocked by Miro Heiskanen.
17:48 of 3rd period - Icing by Cam Fowler.
17:49 of 3rd period - Jordan Staal wins face-off versus Aleksander Barkov in BANFF WOLVES zone.
18:22 of 3rd period - Shot by Aleksander Barkov.
18:22 of 3rd period - Stopped by Joey Daccord without a rebound.
18:23 of 3rd period - Joel Eriksson Ek wins face-off versus Jordan Kyrou in BANFF WOLVES zone.
18:30 of 3rd period - Shot by Timo Meier.
18:30 of 3rd period - Shot Misses the Net.
19:11 of 3rd period - Off-side.
19:12 of 3rd period - Aleksander Barkov wins face-off versus Elias Lindholm in neutral zone.
19:50 of 3rd period - Shot by Mats Zuccarello.
19:50 of 3rd period - Stopped by Thomas Greiss without a rebound.
19:51 of 3rd period - Joel Eriksson Ek wins face-off versus David Kampf in OAKLAND GORILLAS zone.
19:59 of 3rd period - Icing by Martin Fehervary.
Goals for this period are 2 for BANFF WOLVES vs 0 for OAKLAND GORILLAS.
Shots for this period are 8 for BANFF WOLVES vs 7 for OAKLAND GORILLAS.


YEGOR
SHARANGOVICH
ALEX
IAFALLO
JAKOB
CHYCHRUN

EAST COAST

HOCKEY LEAGUE

  • 65.QUE3CHW1
  • 66.CHA1TRV6
  • 67.PITRHI
  • 68.ATLWOR